 Dungeon Crawl Stone Soup version 0.23.2-33-g5129a83184 (webtiles) character file.

Game seed: 6794572091641321804

1313 psyvane the Spear-Bearer (level 8, 0/52 HPs)
             Began as an Octopode Warper on July 8, 2019.
             Was a Follower of Nemelex Xobeh.
             Slain by an ice beast (8 damage)
             ... on level 7 of the Dungeon.
             The game lasted 00:29:51 (7812 turns).

psyvane the Spear-Bearer (Octopode Warper)          Turns: 7812, Time: 00:29:52

Health: 0/52       AC:  1    Str: 11      XL:     8   Next: 58%
Magic:  6/11       EV: 14    Int: 15      God:    Nemelex Xobeh [*.....]
Gold:   397        SH:  0    Dex: 10 (13) Spells: 4/11 levels left

rFire    + . .     SeeInvis .   v - +0 spear (pierce)
rCold    . . .     Gourm    .   (no shield)
rNeg     . . .     Faith    .   (helmet restricted)
rPois    .         Spirit   .   (no amulet)
rElec    .         Reflect  .   k - ring of protection from fire
rCorr    .         Harm     .   G - +2 ring of slaying
MR       .....                  (no ring)
Stlth    +++.......             (no ring)
HPRegen  0.17/turn              (no ring)
MPRegen  0.12/turn              (no ring)
                                (no ring)
                                (no ring)

@: shrouded
A: almost no armour, stealthy swim, amphibious, 8 rings, constrict 8, camouflage
1, gelatinous body 1
a: Draw Escape, Draw Destruction, Draw Summoning, Renounce Religion


You were on level 7 of the Dungeon.
You worshipped Nemelex Xobeh.
Nemelex Xobeh was aware of your devotion.
You were hungry.

You visited 1 branch of the dungeon, and saw 7 of its levels.

You collected 397 gold pieces.

Inventory:

Hand Weapons
 a - a +0 spear
 o - a +0 blowgun
 v - a +0 spear of piercing (weapon)
 w - a +0 halberd
Missiles
 d - 5 tomahawks of dispersal (quivered)
 n - 7 tomahawks
 p - 26 poisoned needles
Jewellery
 i - an uncursed ring of protection from cold
 k - a ring of protection from fire (left tentacle)
 G - a +2 ring of slaying (right tentacle)
Wands
 F - a wand of flame (14)
Scrolls
 c - a scroll of blinking
 e - 2 scrolls of teleportation {unknown}
 g - 3 scrolls of remove curse
 j - 2 scrolls of enchant weapon {unknown}
 l - 2 scrolls of fear {unknown}
 m - a scroll of fog {unknown}
 s - 2 scrolls of immolation {unknown}
 x - a scroll of identify
 y - 3 scrolls of amnesia {unknown}
 E - 2 scrolls of random uselessness {unknown}
Potions
 b - 2 potions of heal wounds {unknown}
 h - 2 potions of curing
 q - 2 potions of degeneration {unknown}
 r - 4 potions of might {unknown}
 t - 2 potions of brilliance {unknown}
 u - a potion of agility
 z - a potion of mutation {unknown}
 A - a potion of lignification {unknown}
 C - a potion of invisibility {unknown}
 D - a potion of cancellation {unknown}
 H - a potion of haste {unknown}
Comestibles
 f - 10 rations


   Skills:
 - Level 3.4 Fighting
 * Level 8.9 Polearms
 - Level 1.0 Throwing
 - Level 3.2 Dodging
 - Level 2.0 Stealth
 - Level 2.0 Spellcasting
 - Level 4.5 Translocations


You had 4 spell levels left.
You knew the following spells:

 Your Spells              Type           Power        Failure   Level  Hunger
a - Blink                 Tloc           N/A          5%          2    ###....
b - Shroud of Golubria    Chrm/Tloc      #.........   13%         2    ###....
c - Teleport Other        Tloc           ###.....     11%         3    ###....

Your spell library contained the following spells:

 Spells                   Type           Power        Failure   Level  Hunger
 Gell's Gravitas          Tloc           ###.......   11%         3    ###....
 Lesser Beckoning         Tloc           ###.......   11%         3    ###....
 Passage of Golubria      Tloc           N/A          34%         4    #####..


Dungeon Overview and Level Annotations

Branches:
Dungeon (7/15)             Temple (0/1) D:5

Altars:
Dithmenos
Kikubaaqudgha
Makhleb
Nemelex Xobeh
Wu Jian
Zin
Lugonu

Shops:
D:6 ?

Annotations:
D:6 Grinder
D:7 1 transporter


Innate Abilities, Weirdness & Mutations

You cannot wear most types of armour.
You are very stealthy in the water. (Stealth+)
You are amphibious.
You can wear up to eight rings at the same time.
You can use your tentacles to constrict eight enemies at once.
Your skin changes colour to match your surroundings (Stealth+).
Your rubbery body absorbs attacks. (AC +1, EV +1)


Message History

The ice beast is almost dead.
You hit the ice beast but do no damage.
The ice beast is almost dead.
The ice beast hits you. The ice beast freezes you!
* * * LOW HITPOINT WARNING * * *
Casting: Shroud of Golubria (safe; 13% risk of failure)
Confirm with . or Enter, or press ? or * to list all spells.
You blink.
You are feeling hungry.
You are too injured to fight recklessly!
Okay, then.
Your shroud unravels.
Casting: Blink (safe; 5% risk of failure)
Confirm with . or Enter, or press ? or * to list all spells.
Space distorts slightly along a thin shroud covering your body.
You feel better. The ice beast hits you.
* * * LOW HITPOINT WARNING * * *
The ice beast freezes you!
You die...
Your body disappears without a glow.

#.####...# #.........
#......... .........
#........ #........
##.....### ###.Y...##
##...@....#
###.........#
###...........# #
##...##......(.# #
###..###.........#
#####..####..........#
.##..### #.........##
....## ..........#
..### ......#


You could see an ice beast.

Vanquished Creatures
  A sky beast (D:6)
  A phantom (D:4)
  A necrophage (D:5)
  An ogre (D:6)
  A bullfrog (D:6)
  A water moccasin zombie (D:6)
  2 scorpions
  A water moccasin skeleton (D:7)
  A howler monkey (D:4)
  A quasit (D:7)
  3 hounds
  An orc priest (D:4)
  A bullfrog skeleton (D:5)
  2 orc wizards (D:4)
  6 worker ants
  7 adders
  7 gnolls
  3 oozes
  2 adder skeletons (D:4)
  A worm (D:3)
  5 dart slugs
  4 leopard geckos
  19 orcs
  2 ball pythons
  4 giant cockroaches
  10 goblins
  11 hobgoblins
  8 jackals
  11 kobolds
  5 quokkas
  8 bats
  2 frilled lizards
  A jackal skeleton (D:5)
  A jackal zombie (D:4)
  A leopard gecko zombie (D:6)
  5 rats
141 creatures vanquished.

Notes
Turn   | Place    | Note
-------+----------+-------------------------------------------
     0 | D:1      | psyvane the Octopode Warper began the quest for the Orb.
     0 | D:1      | Reached XP level 1. HP: 14/14 MP: 3/3
     3 | D:1      | Noticed an electric eel
     3 | D:1      | Noticed an electric eel
   229 | D:1      | Reached skill level 1 in Stealth
   229 | D:1      | Reached XP level 2. HP: 19/19 MP: 5/5
   301 | D:1      | Learned a level 2 spell: Blink
   304 | D:1      | Learned a level 2 spell: Shroud of Golubria
   731 | D:1      | Reached XP level 3. HP: 24/24 MP: 6/6
  1414 | D:2      | Reached XP level 4. HP: 25/31 MP: 7/7
  1885 | D:2      | Learned a level 3 spell: Teleport Other
  2580 | D:3      | Reached XP level 5. HP: 27/36 MP: 8/8
  2797 | D:3      | Found a sparkling altar of Nemelex Xobeh.
  2805 | D:3      | Became a worshipper of Nemelex Xobeh the Trickster
  2942 | D:3      | Received a gift from Nemelex Xobeh
  3731 | D:4      | Noticed a phantom
  3763 | D:4      | Killed a phantom
  3763 | D:4      | Reached skill level 3 in Polearms
  3763 | D:4      | Reached XP level 6. HP: 18/42 MP: 6/9
  3897 | D:4      | Reached skill level 4 in Polearms
  4782 | D:4      | Reached skill level 5 in Polearms
  4782 | D:4      | Reached XP level 7. HP: 34/46 MP: 10/10
  5283 | D:5      | Entered Level 5 of the Dungeon
  5526 | D:5      | Found a glowing silver altar of Zin.
  5722 | D:5      | Reached skill level 6 in Polearms
  5857 | D:5      | Found a staircase to the Ecumenical Temple.
  6008 | D:5      | Found an ornate altar of the Wu Jian Council.
  6055 | D:5      | Reached * piety under Nemelex Xobeh
  6398 | D:6      | Found Dekeniyna's Magic Scroll Emporium.
  6504 | D:6      | Reached skill level 7 in Polearms
  6520 | D:6      | Reached XP level 8. HP: 38/51 MP: 8/11
  6686 | D:6      | Found a burning altar of Makhleb.
  6882 | D:6      | Reached skill level 8 in Polearms
  7298 | D:6      | Noticed Grinder
  7406 | D:6      | Found an ancient bone altar of Kikubaaqudgha.
  7414 | D:6      | Found a shadowy altar of Dithmenos.
  7551 | D:7      | Noticed a white ugly thing
  7552 | D:7      | Found a transporter.
  7553 | D:7      | Found a corrupted altar of Lugonu.
  7553 | D:7      | Noticed a red ugly thing
  7812 | D:7      | Slain by an ice beast

Skill      XL: |  1  2  3  4  5  6  7  8 |
---------------+-------------------------+-----
Stealth        | 1 2 |  2.0
Dodging        | 3 |  3.2
Fighting       | 3 |  3.4
Translocations | 4 |  4.5
Polearms       | 3 5 7 8 |  8.9
Throwing       | |  1.0
Spellcasting   | |  2.0

Action                   |  1- 3 |  4- 6 |  7- 9 || total
-------------------------+-------+-------+-------++-------
Melee: Spear             |    56 |    89 |   182 ||   327
       Tentacles         |    10 |    22 |    27 ||    59
       Constrict         |    19 |    44 |    26 ||    89
       Dagger            |    27 |    85 |       ||   112
 Cast: Shroud of Golubri |       |     9 |    11 ||    20
       Blink             |       |     5 |     4 ||     9
       Teleport Other    |       |     1 |       ||     1
 Abil: Draw Destruction  |       |     5 |       ||     5
  Use: Scroll            |     2 |     2 |       ||     4
       Potion            |       |     2 |     1 ||     3
 Stab: Sleeping          |     6 |    10 |    12 ||    28
       Distracted        |       |       |     1 ||     1
  Eat: Chunk             |     2 |     8 |    10 ||    20
       Ration            |       |     1 |       ||     1
Armor: Skin              |     1 |     6 |     9 ||    16
Dodge: Dodged            |    33 |    81 |    70 ||   184
